 Dungeon Crawl Stone Soup version 0.26-a0-712-ga5a9c9c9d0 (webtiles) character file.

Game seed: 8030653767191091773

25 gbos the Digger (level 2, 21/21 HPs)
             Began as a Demonspawn Earth Elementalist on Nov 13, 2020.
             Got out of the dungeon alive.
             The game lasted 00:00:49 (1102 turns).

gbos the Digger (Demonspawn Earth Elementalist)     Turns: 1102, Time: 00:00:50

Health: 21/21      AC:  2    Str:  8    XL:     2   Next: 82%
Magic:  5/5        EV: 12    Int: 16    God:
Gold:   21         SH:  0    Dex: 13    Spells: 4/5 levels left

rFire    . . .     SeeInvis .   a - +2 dagger (elec)
rCold    . . .     Faith    .   (no shield)
rNeg     . . .     Spirit   .   c - +0 robe
rPois    .         Reflect  .   (no helmet)
rElec    .         Harm     .   (no cloak)
rCorr    .         Rampage  .   (no gloves)
MR       .....                  (no boots)
Stlth    ++........             (no amulet)
HPRegen  0.07/turn              (no ring)
MPRegen  0.09/turn              (no ring)

@: no status effects
A: hooves 1
a: no special abilities


You escaped.
You visited 1 branch of the dungeon, and saw 1 of its levels.

You collected 21 gold pieces.


Innate Abilities, Weirdness & Mutations

You have large cloven feet.


   Skills:
 + Level 1.2 Fighting
 - Level 1.7 Dodging
 - Level 1.7 Stealth
 - Level 2.0 Spellcasting
   Level 0.8 Transmutations
 * Level 3.4 Earth Magic


You had 4 spell levels left.
You knew the following spells:

 Your Spells              Type           Power        Failure   Level
z - Sandblast             Erth           ##....       4%          1

Your spell library contained the following spells:

 Spells                   Type           Power        Failure   Level
 Passwall                 Tmut/Erth      #.......     13%         2
 Stone Arrow              Conj/Erth      #.....       30%         3
 Petrify                  Tmut/Erth      #.......     65%         4
 Lee's Rapid Deconstruct  Erth           ##........   80%         5

Inventory:

Hand Weapons
 a - a +2 dagger of electrocution (weapon)
Missiles
 b - 94 stones (quivered)
Armour
 c - a +0 robe (worn)
 l - a +2 cloak
Scrolls
 d - 2 scrolls of identify {unknown}
 e - a scroll of amnesia {unknown}
 f - 2 scrolls of remove curse {unknown}
 g - 2 scrolls of random uselessness {unknown}
 i - a scroll of fear {unknown}
Potions
 h - 2 potions of lignification {unknown}
 j - a potion of mutation {unknown}
 k - a potion of curing {unknown}

Dungeon Overview and Level Annotations

Branches:
Dungeon (1/15)

Altars:

▒.▒ ♣PPP..♣
▒.▒ ♣♣.♣♣♣.♣
▒.▒ ♣♣...P♣.♣
▒.▒♣♣♣..[.♣♣.♣
▒.▒♣....⌠.P♣.♣
▒.▒♣.♣P....♣.♣
▒.▒♣.♣♣P♣..(.♣
▒.▒♣.♣♣♣♣♣[..♣
▒.'.........6♣
▒▒▒♣♣♣♣♣♣♣♣♣♣♣


There were no monsters in sight!


Message History

The frilled lizard closely misses you.
You hit the frilled lizard.
You kill the frilled lizard!
You hit the goblin.
The goblin is moderately wounded.
The goblin hits you with a +0 mace.
You hit the goblin. Lightning courses through the goblin!!
You kill the goblin!
No target in view!
No target in view!
f - 2 scrolls labeled OGIKACK QOULL (gained 1)
You now have 21 gold pieces (gained 14).
Things that are here:
a +0 mace; a +0 leather armour; a goblin corpse
l - an embroidered cloak You see here a club.
Things that are here:
a +0 mace; a +0 leather armour; a goblin corpse Done exploring.
Done exploring.
Items here: ) †††.
You see here a rat corpse.
You open the door.
There is an open door here.
There is an open door here.
There is an open door here.
There is a staircase leading out of the dungeon here.
Are you sure you want to leave the Dungeon?
This will make you lose the game!
You have escaped!

Action                   || total
-------------------------++-------
Melee: Dagger            ||    39
       Kick              ||     2
 Cast: Sandblast         ||     8
 Stab: Sleeping          ||     6
Armor: Robe              ||     7
Dodge: Dodged            ||    22

Levels and vault maps discovered:
D:1:      psy_arrival_fountain, layout_basic, dk_noncrumbling_4, minivault_26,
          minmay_pentomino_p4

Notes
Turn   | Place    | Note
-------+----------+-------------------------------------------
     0 | D:1      | gbos the Demonspawn Earth Elementalist began the quest for
                  | the Orb.
     0 | D:1      | Reached XP level 1. HP: 13/13 MP: 3/3
   257 | D:1      | Reached skill level 3 in Earth Magic
   283 | D:1      | Gained mutation: You have large cloven feet. [demonic
                  | ancestry]
   283 | D:1      | Reached XP level 2. HP: 11/20 MP: 0/5
   532 | D:1      | HP: 5/20 [leopard gecko (4)]
   533 | D:1      | Reached skill level 1 in Fighting
  1102 | D:$      | Got out of the dungeon alive.

Vanquished Creatures
  A dart slug (D:1)
  A leopard gecko (D:1)
  3 bats (D:1)
  4 goblins (D:1)
  A hobgoblin (D:1)
  5 kobolds (D:1)
  A ball python (D:1)
  A frilled lizard (D:1)
  5 rats (D:1)
22 creatures vanquished.
